 Dungeon Crawl Stone Soup version 0.30-a0-711-gf4ac18a38d (webtiles) character file.

Game seed: 729188116364739537

11609 purpskrrrp the Markself (level 11, 0/67 HPs)
             Began as a Deep Elf Hunter on Jan 22, 2023.
             Was an Initiate of Gozag.
             Slain by a boulder beetle (16 damage)
             ... on level 11 of the Dungeon.
             The game lasted 00:22:16 (10357 turns).

purpskrrrp the Markself (Deep Elf Hunter)          Turns: 10357, Time: 00:22:17

Health: 0/67       AC: 10    Str: 16 (18) XL:     11   Next: 51%
Magic:  0/20       EV: 19    Int: 14 (15) God:    Gozag
Gold:   266        SH:  8    Dex: 20 (22) Spells: 19/19 levels left

rFire   . . .      SeeInvis .    x - +9 sling "Conservator" {flame, rPois}
rCold   . . .      Faith    .    H - orb {*channel}
rNeg    . . .      Spirit   +    u - +2 robe of Vareto {Str+4}
rPois   +          Reflect  .    (no helmet)
rElec   .          Harm     .    y - +1 cloak
rCorr   .          Rampage  .    (no gloves)
Will    +....                    (no boots)
Stlth   +++++                    F - brooch of Shielding {Spirit SH+8}
HPRegen 0.31/turn                K - +4 ring of protection
MPRegen 0.17/turn                o - +6 ring of strength

@: unable to drink
A: passive freeze, inability to drink after injury 1
a: Renounce Religion, Potion Petition, Call Merchant, Bribe Branch


You were on level 11 of the Dungeon.
You worshipped Gozag.
Gozag was aware of your devotion.
You visited 1 branch of the dungeon, and saw 11 of its levels.

You collected 2553 gold pieces.
You spent 2194 gold pieces at shops.
You paid 93 gold pieces to Gozag.

Inventory:

Hand Weapons
 a - a +1 shortbow
 x - the +9 sling "Conservator" (weapon) {flame, rPois}
   (You found it on level 7 of the Dungeon)

   rPois:     It protects you from poison.
Missiles
 s - a throwing net
Armour
 c - a +1 leather armour
 u - the +2 robe of Vareto (worn) {Str+4}
   (You found it on level 4 of the Dungeon)

   Str:       It affects your strength (+4).
 y - a +1 cloak (worn)
 H - an orb of energy (worn)
Jewellery
 e - a ring of magical power
 l - a ring of magical power
 m - a ring of magical power
 n - a ring of wizardry
 o - a +6 ring of strength (right hand)
 F - the brooch of Shielding (around neck) {Spirit SH+8}
   (You bought it in a shop on level 7 of the Dungeon)

   [amulet of guardian spirit]

   It causes incoming damage to be divided between your reserves of health and
   magic.
   SH:        It affects your SH (+8).
 K - a +4 ring of protection (left hand)
 L - a +6 ring of strength
Wands
 q - a wand of flame (17)
 r - a wand of charming (10)
 v - a wand of polymorph (3)
 J - a wand of digging (5)
 M - a wand of iceblast (5)
Scrolls
 b - a scroll of immolation
 p - a scroll of amnesia
 t - 2 scrolls of fog
 w - 5 scrolls of teleportation
 B - 3 scrolls of identify
 D - a scroll of enchant weapon
 G - 2 scrolls of magic mapping
Potions
 d - 3 potions of lignification
 f - 2 potions of mutation
 g - 5 potions of attraction
 h - 4 potions of degeneration
 i - a potion of magic
 j - 2 potions of might
 k - 4 potions of invisibility
 z - a potion of resistance {unknown}
 A - a potion of brilliance {unknown}
 C - a potion of ambrosia {unknown}
 E - a potion of berserk rage {unknown}
 I - 2 potions of curing {unknown}


   Skills:
 + Level 7.1 Fighting
 * Level 15.3 Ranged Weapons
 + Level 10.1 Dodging
 + Level 10.6 Stealth
 + Level 4.8 Spellcasting


You had 19 spell levels left.
You didn't know any spells.
Your spell library contained the following spells:

 Spells                   Type           Power      Damage    Failure   Level
 Foxfire                  Conj/Fire      12%        2x1d4     19%         1
 Magic Dart               Conj           12%        1d3       19%         1
 Sandblast                Erth           6%         2d5       19%         1
 Shock                    Conj/Air       12%        1d3       19%         1
 Ensorcelled Hibernation  Hex/Ice        6%         N/A       26%         2
 Passwall                 Tmut/Erth      2%         N/A       26%         2
 Searing Ray              Conj           6%         2d4       26%         2
 Static Discharge         Conj/Air       6%         2-3/arc   26%         2
 Spider Form              Tmut/Pois      3%         N/A       47%         3
 Stone Arrow              Conj/Erth      6%         3d7       47%         3
 Swiftness                Air            3%         N/A       47%         3
 Vhi's Electric Charge    Tloc/Air       6%         N/A       47%         3
 Airstrike                Air            1%         2d(1-17)  87%         4
 Anguish                  Hex/Necr       1%         N/A       87%         4
 Fulminant Prism          Conj/Hex       1%         3d5       87%         4
 Arcjolt                  Conj/Air       1%         1d11      99%         5
 Fireball                 Conj/Fire      1%         3d3       99%         5
 Lightning Bolt           Conj/Air       1%         1d12      99%         5
 Starburst                Conj/Fire      1%         6d3       100%        6


Dungeon Overview and Level Annotations

Branches:
Dungeon (11/15)            Temple (0/1) D:7            Lair (0/5) D:10
    Orc: D:9-12

Altars:
Ashenzari
Gozag
Ru
Trog
Uskayaw
Wu Jian
Xom
Zin

Shops:
D:7 =*

Annotations:
D:4 2 transporters
D:10 3 runed translucent doors


Innate Abilities, Weirdness & Mutations

A frigid envelope surrounds you and freezes all who hurt you.
You occasionally lose the ability to drink potions when taking damage.


Message History

Fire: x) +9 sling "Conservator" {flame, rPois}
Press: ? - help, Shift-Dir - straight line, f/p - boulder beetle
Aim: a boulder beetle (almost dead, 93% to hit)
You shoot a sling bullet.
The sling bullet hits the boulder beetle.
The sling bullet burns the boulder beetle.
The boulder beetle is almost dead.
The boulder beetle bites you but does no damage.
Fire: x) +9 sling "Conservator" {flame, rPois}
Press: ? - help, Shift-Dir - straight line, f/p - boulder beetle
Aim: a boulder beetle (almost dead, 93% to hit)
You shoot a sling bullet.
The sling bullet barely misses the boulder beetle.
The boulder beetle closely misses you.
Fire: x) +9 sling "Conservator" {flame, rPois}
Press: ? - help, Shift-Dir - straight line, f/p - boulder beetle
Aim: a boulder beetle (almost dead, 93% to hit)
You shoot a sling bullet.
The sling bullet hits the boulder beetle but does no damage.
The boulder beetle is almost dead.
Fire: x) +9 sling "Conservator" {flame, rPois}
Press: ? - help, Shift-Dir - straight line, f/p - boulder beetle
Aim: a boulder beetle (almost dead, 93% to hit)
You shoot a sling bullet.
The sling bullet hits the boulder beetle.
The sling bullet burns the boulder beetle.
The boulder beetle is almost dead.
The boulder beetle bites you!
* * * LOW HITPOINT WARNING * * *
The boulder beetle is very cold.
The boulder beetle is almost dead.
Fire: x) +9 sling "Conservator" {flame, rPois}
Press: ? - help, Shift-Dir - straight line, f/p - boulder beetle
Aim: a boulder beetle (almost dead, 93% to hit)
You shoot a sling bullet.
The sling bullet hits the boulder beetle but does no damage.
The boulder beetle is almost dead.
The boulder beetle bites you!!
You die...
Your body crumbles into a pile of gold.

#..# #..# #..# #..#
###..####..#######..####
........................
........................
######..######..######..
#..# #..# .. #..# #..# .
#..# #..# #.@# #..# #B.#
#..# ..... ........
#..####### #.. $ #. # ##
..


You could see a boulder beetle.

Vanquished Creatures
  Snorg (D:11)
  Erica (D:8)
  3 two-headed ogres
  Sonja (D:11)
  The ghost of deadpool521 the Cleaver, a novice HOFi (D:6)
  A deep elf pyromancer (D:10)
  An unseen horror (D:10)
  A troll (D:10)
  A hornet (D:8)
  Grinder (D:4)
  A vampire (D:9)
  5 yaks (D:10)
  Menkaure (D:5)
  2 wargs (D:10)
  Edmund (D:5)
  An acid dragon (D:10)
  2 water moccasins
  3 ice beasts
  A sky beast (D:6)
  6 orc warriors
  A black bear (D:7)
  4 ogres
  2 centaurs
  A phantom (D:4)
  3 kobold brigands
  2 bullfrogs (D:7)
  A gnoll sergeant (D:11)
  2 scorpions (D:4)
  28 killer bees
  A howler monkey (D:10)
  8 orc priests
  4 hounds
  2 jellies
  A gnoll bouda (D:4)
  Ijyb (D:4)
  An iguana (D:5)
  15 orc wizards
  23 gnolls
  5 adders
  A white imp (D:6)
  An ufetubus (D:6)
  3 dart slugs
  51 orcs
  8 bats
  8 endoplasms
  2 giant cockroaches
  4 goblins
  4 hobgoblins
  13 jackals
  5 kobolds
  2 quokkas
  11 ball pythons
  3 frilled lizards
  6 rats
262 creatures vanquished.

Notes
Turn   | Place    | Note
-------+----------+-------------------------------------------
     0 | D:1      | purpskrrrp the Deep Elf Hunter began the quest for the Orb.
     0 | D:1      | Reached XP level 1. HP: 12/12 MP: 3/3
    23 | D:1      | Reached XP level 2. HP: 6/17 MP: 4/4
   486 | D:1      | Reached XP level 3. HP: 20/21 MP: 5/5
  1244 | D:2      | Found a sacrificial altar of Ru.
  1303 | D:2      | Reached XP level 4. HP: 25/26 MP: 6/6
  1678 | D:2      | Reached skill level 6 in Ranged Weapons
  1970 | D:2      | Gained mutation: A frigid envelope surrounds you and
                  | freezes all who hurt you. [potion of mutation]
  1970 | D:2      | Gained mutation: You occasionally lose the ability to drink
                  | potions when taking damage. [potion of mutation]
  2441 | D:3      | Reached XP level 5. HP: 28/31 MP: 7/7
  2665 | D:4      | Found a transporter.
  2696 | D:4      | Reached skill level 7 in Ranged Weapons
  2696 | D:4      | Reached XP level 6. HP: 18/36 MP: 8/8
  3025 | D:4      | Noticed Ijyb
  3032 | D:4      | Killed Ijyb
  3052 | D:4      | Found a transporter.
  3292 | D:4      | Noticed Grinder
  3297 | D:4      | Paralysed by Grinder for 5 turns
  3307 | D:4      | Paralysed by Grinder for 4 turns
  3312 | D:4      | Paralysed by Grinder for 3 turns
  3317 | D:4      | Paralysed by Grinder for 3 turns
  3319 | D:4      | Killed Grinder
  3320 | D:4      | Reached skill level 8 in Ranged Weapons
  3320 | D:4      | Reached skill level 5 in Dodging
  3320 | D:4      | Reached XP level 7. HP: 25/41 MP: 9/9
  3397 | D:4      | Reached skill level 5 in Stealth
  3608 | D:4      | Identified the +2 robe of Vareto {Str+4}
  3848 | D:5      | Entered Level 5 of the Dungeon
  3897 | D:5      | Noticed Menkaure
  3898 | D:5      | Reached skill level 9 in Ranged Weapons
  3901 | D:5      | Killed Menkaure
  3902 | D:5      | Reached XP level 8. HP: 48/48 MP: 10/10
  4072 | D:5      | Found an opulent altar of Gozag.
  4703 | D:5      | Noticed Edmund
  4710 | D:5      | Killed Edmund
  4777 | D:5      | Became a worshipper of Gozag Ym Sagoz the Greedy
  4846 | D:5      | Found a shimmering altar of Xom.
  5065 | D:6      | Found a large runed translucent door.
  5065 | D:6      | Found a large runed translucent door.
  5066 | D:6      | Noticed deadpool521's ghost (novice HOFi)
  5139 | D:6      | Reached skill level 10 in Ranged Weapons
  5903 | D:7      | Found a staircase to the Ecumenical Temple.
  5947 | D:7      | Identified the +9 sling "Conservator" {flame, rPois}
  6055 | D:7      | Reached XP level 9. HP: 52/52 MP: 11/11
  6099 | D:7      | Found Uzetzin's Jewellery Shop.
  6116 | D:7      | Found Yfral's General Store.
  6119 | D:7      | Bought a potion of mutation for 104 gold pieces
  6303 | D:7      | Found a broken altar of Ashenzari.
  6308 | D:7      | Reached skill level 11 in Ranged Weapons
  6391 | D:8      | Reached skill level 5 in Fighting
  6506 | D:8      | Found a hide-covered altar of Uskayaw.
  6532 | D:8      | Reached skill level 12 in Ranged Weapons
  6576 | D:8      | Noticed Erica
  6609 | D:8      | Killed Erica
  6615 | D:8      | Paralysed by a hornet for 3 turns
  6619 | D:8      | Reached XP level 10. HP: 19/60 MP: 12/12
  6909 | D:8      | Found a runed translucent door.
  6972 | D:8      | Found a bloodstained altar of Trog.
  7129 | D:8      | Reached skill level 13 in Ranged Weapons
  8327 | D:7      | Bought a scroll of acquirement for 676 gold pieces
  8327 | D:7      | Acquired 733 gold pieces
  8339 | D:7      | Bought the brooch of Shielding {Spirit SH+8} for 910 gold
                  | pieces
  8339 | D:7      | Found the brooch of Shielding {Spirit SH+8}
  8383 | D:6      | Killed deadpool521's ghost
  8470 | D:10     | Entered Level 10 of the Dungeon
  8488 | D:10     | Reached skill level 1 in Spellcasting
  8499 | D:10     | Reached skill level 14 in Ranged Weapons
  8565 | D:10     | Noticed a two-headed ogre
  8565 | D:10     | Noticed a two-headed ogre
  8570 | D:10     | Killed a two-headed ogre
  8582 | D:10     | Killed a two-headed ogre
  8751 | D:10     | Noticed a deep elf pyromancer
  8753 | D:10     | Reached XP level 11. HP: 46/66 MP: 17/17
  8758 | D:10     | Killed a deep elf pyromancer
  8759 | D:10     | Reached skill level 10 in Stealth
  8834 | D:10     | Found a glowing silver altar of Zin.
  9031 | D:10     | Found a staircase to the Lair.
  9082 | D:10     | Found a runed translucent gate.
  9082 | D:10     | Found a runed translucent gate.
  9082 | D:10     | Found a runed translucent gate.
  9112 | D:10     | Noticed a red ugly thing
  9113 | D:10     | Noticed a green ugly thing
  9113 | D:10     | Noticed a purple ugly thing
  9114 | D:10     | Noticed a white ugly thing
  9117 | D:10     | Noticed a green ugly thing
  9459 | D:10     | Found an ornate altar of the Wu Jian Council.
  9459 | D:10     | Found a sacrificial altar of Ru.
  9662 | D:7      | Bought a +4 ring of protection for 504 gold pieces
  9744 | D:11     | Noticed Snorg
  9753 | D:11     | Killed Snorg
  9886 | D:11     | Reached skill level 15 in Ranged Weapons
 10057 | D:11     | Noticed Sonja
 10063 | D:11     | Noticed a two-headed ogre
 10069 | D:11     | Killed Sonja
 10070 | D:11     | Reached skill level 10 in Dodging
 10198 | D:11     | Killed a two-headed ogre
 10337 | D:11     | Noticed a boulder beetle
 10357 | D:11     | Slain by a boulder beetle

Illustrated notes

Levels and vault maps discovered:
D:1:      grunt_arrival_lava_bath, layout_basic, st_stairs_10
D:2:      layout_basic, basic_altar, dk_noncrumbling_2
D:3:      layout_loops_ring, grunt_decor_one_mirror
D:4:      gammafunk_wand_slinger, layout_layer_cave, roderic_lattice_a,
          grunt_ministairs_10, kennysheep_flooded_box, lightli_corner_chamber,
          uniq_ijyb, uniq_grinder
D:5:      layout_layer_cave, kennysheep_mini, grunt_gozag_statues, uniq_edmund,
          uniq_menkaure
D:6:      layout_loops_cross, ebering_ghost_disaster_area,
          minmay_strange_pillars
D:7:      layout_rooms, cheibrodos_ashenzari_chains,
          minmay_temple_entry_large_hall, serial_shops,
          nicolae_shop_behind_doors, shop, nicolae_fountain_basement
D:8:      layout_rooms, nicolae_uskayaw_dance_hall, trog_antimagical,
          grunt_ministairs_3, lightli_church_of_beogh, uniq_erica
D:9:      layout_loops_ring, minmay_crystal_room
D:10:     layout_basic, gammafunk_temple_overflow_elements, marbit_many_paths,
          erik_lair_orcish_takeover, ploomutoo_gammafunk_ghost_potion_laboratory
D:11:     layout_small_grid, uniq_sonja, uniq_snorg

Skill      XL: |  1  2  3  4  5  6  7  8  9 10 11 |
---------------+----------------------------------+-----
Stealth        | 2 3 4 5 7 8 9 10 | 10.6
Fighting       | 2 3 4 5 6 7 |  7.1
Dodging        | 3 4 5 6 8 9 10 | 10.1
Ranged Weapons | 6 7 8 9 10 12 14 15 | 15.3
Spellcasting   | 3 4 |  4.8

Action                     |  1- 3 |  4- 6 |  7- 9 | 10-12 || total
---------------------------+-------+-------+-------+-------++-------
  Melee: Unarmed           |       |       |       |     5 ||     5
   Fire: Shortbow          |    83 |   150 |   124 |       ||   357
         Sling             |       |       |    78 |   312 ||   390
  Evoke: Wand              |       |     2 |       |       ||     2
    Use: Scroll            |       |     9 |     5 |     5 ||    19
         Potion            |       |     1 |       |     3 ||     4
 Armour: Leather armour    |     8 |     8 |     2 |       ||    18
         Robe              |       |       |     6 |     8 ||    14
  Dodge: Dodged            |    39 |    29 |    48 |    40 ||   156
  Block: Orb               |       |       |       |    13 ||    13
         Other             |       |       |       |     7 ||     7

Table legend: (Time is in decaauts)
 A = Elapsed time spent in this place.
 B = Non-inter-level travel time spent in this place.
 C = Inter-level travel time spent in this place.
 D = Time resting spent in this place.
 E = Time spent auto-exploring this place.
 F = Levels seen in this place.
 G = Mean time per level.
                   A        B        C        D        E       F      G
               +--------+--------+--------+--------+--------+-----+--------+
         Total |  10305 |   9631 |    674 |    952 |   7345 |  11 |  936.8 |
       Dungeon |  10305 |   9631 |    674 |    952 |   7345 |  11 |  936.8 |
               +--------+--------+--------+--------+--------+-----+--------+

Top non-repeatable levels by time:
     D:8: 1302 daAuts
     D:1: 1254 daAuts
     D:4: 1251 daAuts
     D:5: 1215 daAuts
    D:10: 1137 daAuts
     D:6: 901 daAuts
     D:2: 749 daAuts
     D:9: 654 daAuts
     D:3: 652 daAuts
     D:7: 611 daAuts
    D:11: 574 daAuts
